| TOP OF THE 1ST |
|
Evansville Triplets batting - Pitching for Indianapolis Indians : RHP Ramon Beltran
|
|
Pitching: RHP Ramon Beltran
|
|
|
Batting: LHB Greg Gross
|
0-0: SINGLE (Line Drive, 3L, EV 98.8 MPH)
|
|
Batting: RHB Cory Mihalic
|
0-0: Ball 1-0: Called Strike 1-1: Ball 2-1: Foul Ball, location: 2F 2-2: Strikes out swinging
|
|
Batting: SHB Mickey Tettleton
|
0-0: Ball Greg Gross steals 2nd base 1-0: Called Strike 1-1: Called Strike 1-2: Ball 2-2: Foul Ball, location: 2F 2-2: Foul Ball, location: 2F 2-2: Ball 3-2: Fly out, F8 (Flyball, 8LM, EV 85.0 MPH)
|
|
Batting: RHB Ron Kittle
|
0-0: Called Strike 0-1: Ball 1-1: Ball 2-1: Ball 3-1: Swinging Strike 3-2: Strikes out swinging
|
| Top of the 1st over - 0 runs, 1 hit, 0 errors, 1 left on base; Evansville 0 - Indianapolis 0 |
| BOTTOM OF THE 1ST |
|
Indianapolis Indians batting - Pitching for Evansville Triplets : RHP Randy Pitts
|
|
Pitching: RHP Randy Pitts
|
|
|
Batting: SHB Julio Estrada
|
0-0: Ball 1-0: Ball 2-0: Ball 3-0: Called Strike 3-1: Foul Ball, location: 2F 3-2: Ground out 6-3 (Groundball, 6, EV 103.1 MPH)
|
|
Batting: LHB Roberto Ruiz
|
0-0: Foul Ball, location: 2F 0-1: Ball 1-1: Called Strike 1-2: Ground out 5-3 (Groundball, 56, EV 89.4 MPH)
|
|
Batting: RHB Luis Gonzalez
|
0-0: Called Strike 0-1: Swinging Strike 0-2: Strikes out swinging
|
| Bottom of the 1st over - 0 runs, 0 hits, 0 errors, 0 left on base; Evansville 0 - Indianapolis 0 |
| TOP OF THE 2ND |
|
Evansville Triplets batting - Pitching for Indianapolis Indians : RHP Ramon Beltran
|
|
Batting: LHB Luis Alfaro
|
0-0: Called Strike 0-1: Foul Ball, location: 2F 0-2: Strikes out looking
|
|
Batting: RHB Mike Allen
|
0-0: Ball 1-0: Called Strike 1-1: Fly out, F7 (Flyball, 7LM, EV 84.4 MPH)
|
|
Batting: RHB Mark M Corey
|
0-0: Ball 1-0: Ball 2-0: Called Strike 2-1: Reached on error, E5 (Groundball, 56S, EV 86.9 MPH)
|
|
Batting: RHB Jaden Smith
|
0-0: Ground out 6-3 (Groundball, 6, EV 98.1 MPH)
|
| Top of the 2nd over - 0 runs, 0 hits, 1 error, 1 left on base; Evansville 0 - Indianapolis 0 |
| BOTTOM OF THE 2ND |
|
Indianapolis Indians batting - Pitching for Evansville Triplets : RHP Randy Pitts
|
|
Batting: LHB Scott Radloff
|
0-0: Called Strike 0-1: Ball 1-1: Ball 2-1: Foul Ball, location: 2F 2-2: Fly out, F7 (Flyball, 7, EV 89.4 MPH)
|
|
Batting: RHB Pat Rooney
|
0-0: Reached on error, E2 (Groundball, 2L, EV 70.0 MPH)
|
|
Batting: RHB Robert Bonnette
|
0-0: Called Strike 0-1: Ball 1-1: Foul Ball, location: 2F 1-2: Strikes out swinging
|
|
Batting: RHB Tracy Cowger
|
0-0: Called Strike 0-1: Fly out, F9 (Flyball, 89S, EV 86.9 MPH)
|
| Bottom of the 2nd over - 0 runs, 0 hits, 1 error, 1 left on base; Evansville 0 - Indianapolis 0 |
| TOP OF THE 3RD |
|
Evansville Triplets batting - Pitching for Indianapolis Indians : RHP Ramon Beltran
|
|
Batting: RHB Ed Jurak
|
0-0: Foul Ball, location: 2F 0-1: SINGLE (Groundball, 56, EV 96.3 MPH) (infield hit)
|
|
Batting: LHB Greg Gross
|
0-0: Ball 1-0: Ball 2-0: Ground out 4-3 (Groundball, 13, EV 91.3 MPH) Ed Jurak to second
|
|
Batting: RHB Cory Mihalic
|
0-0: Ball Ed Jurak is caught stealing 3rd base 2-5 1-0: Swinging Strike 1-1: Ball 2-1: Foul Ball, location: 2F 2-2: Foul Ball, location: 2F 2-2: Foul Ball, location: 2F 2-2: Foul Ball, location: 2F 2-2: Strikes out swinging
|
| Top of the 3rd over - 0 runs, 1 hit, 0 errors, 0 left on base; Evansville 0 - Indianapolis 0 |
| BOTTOM OF THE 3RD |
|
Indianapolis Indians batting - Pitching for Evansville Triplets : RHP Randy Pitts
|
|
Batting: LHB James Baker
|
0-0: Foul Ball, location: 2F 0-1: Ball 1-1: Foul Ball, location: 2F 1-2: Ground out 3-1 (Groundball, 34, EV 90.6 MPH)
|
|
Batting: LHB David Bertulli
|
0-0: Ball 1-0: Ball 2-0: Ball 3-0: Called Strike 3-1: Base on Balls
|
|
Batting: SHB Julio Estrada
|
0-0: Swinging Strike 0-1: Foul Ball, location: 2F 0-2: Strikes out swinging
|
|
Batting: LHB Roberto Ruiz
|
0-0: Ball 1-0: Ball 2-0: Ball 3-0: Base on Balls David Bertulli to second
|
|
Batting: RHB Luis Gonzalez
|
0-0: Called Strike 0-1: Ball 1-1: Ball 2-1: SINGLE (Line Drive, 7S, EV 91.3 MPH) David Bertulli to third Roberto Ruiz to second Runner from 3rd tries for Home, SAFE, throw by LF to home
|
|
Batting: LHB Scott Radloff
|
0-0: Ground out 4-3 (Groundball, 4S, EV 64.4 MPH)
|
| Bottom of the 3rd over - 1 run, 1 hit, 0 errors, 2 left on base; Evansville 0 - Indianapolis 1 |
| TOP OF THE 4TH |
|
Evansville Triplets batting - Pitching for Indianapolis Indians : RHP Ramon Beltran
|
|
Batting: SHB Mickey Tettleton
|
0-0: Called Strike 0-1: Ball 1-1: Ball 2-1: Foul Ball, location: 2F 2-2: SINGLE (Groundball, 5D, EV 103.1 MPH)
|
|
Batting: RHB Ron Kittle
|
0-0: Ball 1-0: Ball 2-0: Swinging Strike 2-1: Ball 3-1: Foul Ball, location: 2F 3-2: Base on Balls Mickey Tettleton to second
|
|
Batting: LHB Luis Alfaro
|
0-0: Ball 1-0: Ball 2-0: Foul Ball, location: 2F 2-1: SINGLE (Line Drive, 78S, EV 91.9 MPH) Mickey Tettleton to third Ron Kittle to second Runner from 3rd tries for Home, SAFE, throw by CF to home
|
|
Batting: RHB Mike Allen
|
0-0: Called Strike 0-1: Fielders Choice at 2nd, 6-4 (Groundball, 6, EV 77.5 MPH) Ron Kittle to third
|
|
Batting: RHB Mark M Corey
|
0-0: Ball 1-0: Ball 2-0: Fly out, F7 (Line Drive, 7, EV 105.0 MPH)
|
|
Batting: RHB Jaden Smith
|
0-0: Called Strike 0-1: Ball 1-1: Fly out, F8 (Line Drive, 8LM, EV 88.1 MPH)
|
| Top of the 4th over - 1 run, 2 hits, 0 errors, 2 left on base; Evansville 1 - Indianapolis 1 |
| BOTTOM OF THE 4TH |
|
Indianapolis Indians batting - Pitching for Evansville Triplets : RHP Randy Pitts
|
|
Batting: RHB Pat Rooney
|
0-0: TRIPLE (Line Drive, 89XD, EV 103.1 MPH)
|
|
Batting: RHB Robert Bonnette
|
0-0: Foul Ball, location: 2F 0-1: Foul Ball, location: 2F 0-2: DOUBLE (Line Drive, 78D, EV 112.5 MPH) Pat Rooney scores
|
|
Batting: RHB Tracy Cowger
|
0-0: Foul Ball, location: 2F 0-1: Ground out 6-3 (Groundball, 6, EV 86.9 MPH)
|
|
Batting: LHB James Baker
|
0-0: Called Strike 0-1: Foul Ball, location: 2F 0-2: Ball 1-2: Foul Ball, location: 2F 1-2: Ball 2-2: Foul Ball, location: 2F 2-2: Ball 3-2: Fly out, F8 (Flyball, 78D, EV 92.5 MPH)
|
|
Batting: LHB David Bertulli
|
0-0: Called Strike 0-1: Called Strike 0-2: Foul Ball, location: 2F 0-2: Fly out, F4 (Flyball, 4D, EV 82.5 MPH)
|
| Bottom of the 4th over - 1 run, 2 hits, 0 errors, 1 left on base; Evansville 1 - Indianapolis 2 |
| TOP OF THE 5TH |
|
Evansville Triplets batting - Pitching for Indianapolis Indians : RHP Ramon Beltran
|
|
Batting: RHB Ed Jurak
|
0-0: Ball 1-0: Ball 2-0: Foul Ball, location: 2F 2-1: Swinging Strike 2-2: SINGLE (Groundball, 6D, EV 97.5 MPH)
|
|
Batting: LHB Greg Gross
|
0-0: Called Strike 0-1: Swinging Strike 0-2: Ball 1-2: Foul Ball, location: 2F 1-2: Fielders Choice at 2nd, 4-6 (Groundball, 4, EV 76.9 MPH)
|
|
Batting: RHB Cory Mihalic
|
0-0: Foul Ball, location: 2F 0-1: Ball Greg Gross steals 2nd base 1-1: Ground out 4-3 (Groundball, 4, EV 80.6 MPH) Greg Gross to third
|
|
Batting: SHB Mickey Tettleton
|
0-0: Called Strike 0-1: Ball 1-1: Ball 2-1: Ball 3-1: Base on Balls
|
|
Batting: RHB Ron Kittle
|
0-0: Ball 1-0: Ball 2-0: Called Strike 2-1: Swinging Strike 2-2: Foul Ball, location: 2F 2-2: Foul Ball, location: 2F 2-2: Strikes out swinging
|
| Top of the 5th over - 0 runs, 1 hit, 0 errors, 2 left on base; Evansville 1 - Indianapolis 2 |
| BOTTOM OF THE 5TH |
|
Indianapolis Indians batting - Pitching for Evansville Triplets : RHP Randy Pitts
|
|
Batting: SHB Julio Estrada
|
0-0: Fly out, F7 (Flyball, 7LM, EV 97.5 MPH)
|
|
Batting: LHB Roberto Ruiz
|
0-0: Called Strike 0-1: Ball 1-1: Ball 2-1: Ball 3-1: Swinging Strike 3-2: Base on Balls
|
|
Batting: RHB Luis Gonzalez
|
0-0: Called Strike 0-1: Ball 1-1: Ball 2-1: Swinging Strike 2-2: SINGLE (Flyball, 89S, EV 99.4 MPH) Roberto Ruiz to second Runner from 2nd tries for 3rd, SAFE, no throw by CF
|
|
Batting: LHB Scott Radloff
|
0-0: Ball 1-0: Foul Ball, location: 2F 1-1: Foul Ball, location: 2F 1-2: Ball 2-2: Foul Ball, location: 2F 2-2: Strikes out swinging
|
|
Batting: RHB Pat Rooney
|
0-0: Swinging Strike 0-1: Ball 1-1: Called Strike 1-2: Ball 2-2: Ball 3-2: Strikes out swinging
|
| Bottom of the 5th over - 0 runs, 1 hit, 0 errors, 2 left on base; Evansville 1 - Indianapolis 2 |
| TOP OF THE 6TH |
|
Evansville Triplets batting - Pitching for Indianapolis Indians : RHP Ramon Beltran
|
|
Batting: LHB Luis Alfaro
|
0-0: Ball 1-0: Foul Ball, location: 2F 1-1: Ball 2-1: Foul Ball, location: 2F 2-2: Ball 3-2: Foul Ball, location: 2F 3-2: Ground out 5-3 (Groundball, 15, EV 85.0 MPH)
|
|
Batting: RHB Mike Allen
|
0-0: Foul Ball, location: 2F 0-1: Ground out 1-3 (Groundball, 13S, EV 69.4 MPH)
|
|
Batting: RHB Mark M Corey
|
0-0: Called Strike 0-1: Called Strike 0-2: Strikes out looking
|
| Top of the 6th over - 0 runs, 0 hits, 0 errors, 0 left on base; Evansville 1 - Indianapolis 2 |
| BOTTOM OF THE 6TH |
|
Indianapolis Indians batting - Pitching for Evansville Triplets : RHP Randy Pitts
|
|
Batting: RHB Robert Bonnette
|
0-0: Ball 1-0: Ball 2-0: Ball 3-0: Called Strike 3-1: Swinging Strike 3-2: Strikes out swinging
|
|
Batting: RHB Tracy Cowger
|
0-0: Foul Ball, location: 2F 0-1: SINGLE (Groundball, 34D, EV 100.0 MPH)
|
|
Batting: LHB James Baker
|
0-0: Called Strike 0-1: Ball 1-1: SINGLE (Groundball, 34D, EV 104.4 MPH) Tracy Cowger to second Runner from 2nd tries for 3rd, SAFE, no throw by RF
|
|
Batting: LHB David Bertulli
|
0-0: Ball 1-0: Ball 2-0: Fly out, F7 (Flyball, 7S, EV 75.6 MPH)
|
|
Pitching: RHP Gordie Pladson
|
|
|
Batting: SHB Julio Estrada
|
0-0: Foul Ball, location: 2F 0-1: Swinging Strike 0-2: Fly out, F5 (Popup, 56S, EV 78.1 MPH)
|
| Bottom of the 6th over - 0 runs, 2 hits, 0 errors, 2 left on base; Evansville 1 - Indianapolis 2 |
| TOP OF THE 7TH |
|
Evansville Triplets batting - Pitching for Indianapolis Indians : RHP Ramon Beltran
|
|
Batting: RHB Jaden Smith
|
0-0: Ball 1-0: Ball 2-0: Called Strike 2-1: Called Strike 2-2: Foul Ball, location: 2F 2-2: Foul Ball, location: 2F 2-2: Reached on error, E6 (Groundball, 6, EV 104.4 MPH)
|
|
Pinch Hitting: LHB Lloyd Moseby
|
0-0: Foul Ball, location: 2F 0-1: Ball 1-1: SINGLE (Groundball, 6D, EV 101.3 MPH) Jaden Smith to second
|
|
Pinch Runner at 2nd Bobby Thompson:
|
|
|
Batting: LHB Greg Gross
|
0-0: Called Strike 0-1: Fly out, F8 (Flyball, 8RS, EV 85.0 MPH)
|
|
Batting: RHB Cory Mihalic
|
0-0: Called Strike 0-1: Called Strike 0-2: Ball 1-2: Ball 2-2: DOUBLE (Line Drive, 89D, EV 110.0 MPH) Bobby Thompson scores Lloyd Moseby to third Runner from 3rd tries for Home, SAFE, throw by CF to trailing runner, SAFE at third!
|
|
Batting: SHB Mickey Tettleton
|
0-0: Intentional Walk
|
|
Batting: RHB Ron Kittle
|
0-0: Ball 1-0: Swinging Strike 1-1: Swinging Strike 1-2: Ball 2-2: Foul Ball, location: 2F 2-2: Foul Ball, location: 2F 2-2: Fly out, F7 (Flyball, 7S, EV 88.8 MPH)
|
|
Batting: LHB Luis Alfaro
|
0-0: Foul Ball, location: 2F 0-1: Fly out, F8 (Line Drive, 8LM, EV 98.8 MPH)
|
| Top of the 7th over - 2 runs, 2 hits, 1 error, 2 left on base; Evansville 3 - Indianapolis 2 |
| BOTTOM OF THE 7TH |
|
Indianapolis Indians batting - Pitching for Evansville Triplets : RHP Gordie Pladson
|
|
Now at 1B: Reginald Coleman
|
|
|
Now at SS: Bobby Thompson
|
|
|
Batting: LHB Roberto Ruiz
|
0-0: Fly out, F3 (Popup, 3SF, EV 70.6 MPH)
|
|
Batting: RHB Luis Gonzalez
|
0-0: Called Strike 0-1: Fly out, F3 (Popup, 3F, EV 78.8 MPH)
|
|
Batting: LHB Scott Radloff
|
0-0: Called Strike 0-1: Swinging Strike 0-2: Ball 1-2: Ball 2-2: SINGLE (Groundball, 34D, EV 103.8 MPH)
|
|
Batting: RHB Pat Rooney
|
0-0: Ground out 6-3 (Groundball, 6S, EV 70.6 MPH)
|
| Bottom of the 7th over - 0 runs, 1 hit, 0 errors, 1 left on base; Evansville 3 - Indianapolis 2 |
| TOP OF THE 8TH |
|
Evansville Triplets batting - Pitching for Indianapolis Indians : RHP Ramon Beltran
|
|
Batting: RHB Mike Allen
|
0-0: Fly out, F8 (Flyball, 8LXD, EV 110.0 MPH)
|
|
Batting: RHB Mark M Corey
|
0-0: Called Strike 0-1: Ball 1-1: Ball 2-1: Called Strike 2-2: Ground out 5-3 (Groundball, 56, EV 79.4 MPH)
|
|
Batting: SHB Bobby Thompson
|
0-0: Ball 1-0: Ground out 6-3 (Groundball, 6S, EV 89.4 MPH)
|
| Top of the 8th over - 0 runs, 0 hits, 0 errors, 0 left on base; Evansville 3 - Indianapolis 2 |
| BOTTOM OF THE 8TH |
|
Indianapolis Indians batting - Pitching for Evansville Triplets : RHP Gordie Pladson
|
|
Pitching: LHP Randy Niemann
|
|
|
Batting: RHB Robert Bonnette
|
0-0: Ball 1-0: Ball 2-0: Ball 3-0: Base on Balls
|
|
Batting: RHB Tracy Cowger
|
0-0: Ball 1-0: Swinging Strike 1-1: Foul Ball, location: 2F 1-2: Strikes out looking
|
|
Batting: LHB James Baker
|
0-0: Fly out, F6 (Flyball, 56D, EV 78.8 MPH)
|
|
Batting: LHB David Bertulli
|
0-0: Ball 1-0: Called Strike 1-1: Ball 2-1: Ball 3-1: Ground out 4-3 (Groundball, 34, EV 89.4 MPH)
|
| Bottom of the 8th over - 0 runs, 0 hits, 0 errors, 1 left on base; Evansville 3 - Indianapolis 2 |
| TOP OF THE 9TH |
|
Evansville Triplets batting - Pitching for Indianapolis Indians : RHP Ramon Beltran
|
|
Pitching: LHP Lee Guetterman
|
|
|
Batting: RHB Reginald Coleman
|
0-0: Ball 1-0: Ball 2-0: Foul Ball, location: 2F 2-1: Foul Ball, location: 2F 2-2: Foul Ball, location: 2F 2-2: Ball 3-2: Foul Ball, location: 2F 3-2: Base on Balls
|
|
Batting: LHB Greg Gross
|
0-0: Ball 1-0: Foul Ball, location: 2F 1-1: Called Strike Reginald Coleman steals 2nd base 1-2: SINGLE (Groundball, 4MD, EV 100.6 MPH) (infield hit) Reginald Coleman to third
|
|
Batting: RHB Cory Mihalic
|
0-0: Called Strike 0-1: Ball 1-1: Ball 2-1: Foul Ball, location: 2F 2-2: Foul Ball, location: 2F 2-2: Ground out 6-3 (Groundball, 6MS, EV 70.0 MPH) Greg Gross to second
|
|
Batting: SHB Mickey Tettleton
|
0-0: Ball 1-0: Foul Ball, location: 2F 1-1: Fly out, F9 (Flyball, 9D, EV 92.5 MPH) Runner from 3rd tags up, SCORES, no throw by RF
|
|
Batting: RHB Ron Kittle
|
0-0: Called Strike 0-1: Ball 1-1: Fly out, F9 (Flyball, 9LM, EV 92.5 MPH)
|
| Top of the 9th over - 1 run, 1 hit, 0 errors, 1 left on base; Evansville 4 - Indianapolis 2 |
| BOTTOM OF THE 9TH |
|
Indianapolis Indians batting - Pitching for Evansville Triplets : LHP Randy Niemann
|
|
Batting: SHB Julio Estrada
|
0-0: Swinging Strike 0-1: SINGLE (Groundball, 34D, EV 94.4 MPH)
|
|
Pinch Hitting: RHB Steven Campbell
|
0-0: Called Strike 0-1: Swinging Strike 0-2: Fielders Choice at 2nd, 6-4 (Groundball, 6MD, EV 80.6 MPH)
|
|
Pitching: RHP Geoff Combe
|
|
|
Batting: RHB Luis Gonzalez
|
0-0: Ball 1-0: Called Strike 1-1: Fielders Choice at 2nd, 3-6 (Groundball, 34, EV 110.0 MPH)
|
|
Batting: LHB Scott Radloff
|
0-0: Ball 1-0: Ball 2-0: Ball 3-0: Base on Balls Luis Gonzalez to second
|
|
Pinch Runner at 2nd Kevin Schoendienst:
|
|
|
Batting: RHB Pat Rooney
|
0-0: Called Strike 0-1: Foul Ball, location: 2F 0-2: Ball 1-2: Ball 2-2: Ground out 4-3 (Groundball, 4, EV 98.1 MPH)
|
| Bottom of the 9th over - 0 runs, 1 hit, 0 errors, 2 left on base; Evansville 4 - Indianapolis 2 |
|